 Dungeon Crawl Stone Soup version 0.26-a0-854-gdc81c2f471 (webtiles) character file.

Game seed: 5770214176835755099

448 robertstho the Shield-Bearer (level 7, -2/46 HPs)
             Began as a Halfling Fighter on Nov 23, 2020.
             Killed from afar by an orc wizard (9 damage)
             ... with a magic dart
             ... on level 4 of the Dungeon.
             The game lasted 00:05:07 (3817 turns).

robertstho the Shield-Bearer (Halfling Fighter)     Turns: 3817, Time: 00:05:07

Health: -2/46      AC:  9    Str: 17    XL:     7   Next: 24%
Magic:  7/7        EV:  7    Int:  6    God:
Gold:   248        SH: 10    Dex: 16    Spells: 6/6 levels left

rFire    . . .     SeeInvis .   a - +0 long sword
rCold    . . .     Faith    .   c - +0 kite shield
rNeg     . . .     Spirit   .   w - +0 chain mail
rPois    .         Reflect  .   (no helmet)
rElec    .         Harm     .   (no cloak)
rCorr    .         Rampage  .   (no gloves)
MR       .....                  (no boots)
Stlth    ..........             (no amulet)
HPRegen  0.15/turn              (no ring)
MPRegen  0.10/turn              (no ring)

@: invisible
A: small, mutation resistance 1
a: no special abilities


You were on level 4 of the Dungeon.
You visited 1 branch of the dungeon, and saw 4 of its levels.

You collected 248 gold pieces.

Inventory:

Hand Weapons
 a - a +0 long sword (weapon)
Missiles
 e - 161 stones (quivered)
 v - 48 sling bullets
 z - a throwing net
Armour
 b - a +0 scale mail
 c - a +0 kite shield (worn)
 w - a +0 chain mail (worn)
Jewellery
 s - an uncursed ring of ice {unknown}
Scrolls
 h - 10 scrolls of identify {unknown}
 l - a scroll of fear {unknown}
 m - a scroll of remove curse {unknown}
 n - 2 scrolls of magic mapping {unknown}
 o - a scroll of amnesia {unknown}
 r - a scroll of teleportation {unknown}
 u - a scroll of immolation {unknown}
 y - a scroll of blinking {unknown}
Potions
 d - a potion of might
 g - 2 potions of mutation
 i - a potion of degeneration {unknown}
 j - a potion of lignification {unknown}
 k - 2 potions of curing
 p - a potion of haste {unknown}
 q - a potion of brilliance {unknown}
 t - 3 potions of resistance {unknown}
 x - a potion of ambrosia {unknown}


   Skills:
 + Level 3.6 Fighting
 + Level 4.5 Long Blades
 + Level 4.8 Armour
 + Level 1.7 Dodging
 + Level 0.1 Stealth
 + Level 4.9 Shields


You had 6 spell levels left.
You didn't know any spells.
Your spell library was empty.

Dungeon Overview and Level Annotations

Branches:
Dungeon (4/15)             Temple (0/1) D:4

Altars:
Kikubaaqudgha
Ru
Sif Muna


Innate Abilities, Weirdness & Mutations

You are small and have problems with some larger weapons.
You are somewhat resistant to further mutation.


Message History

The adder bites you. The orc barely misses you.
Something hits you but does no damage.
The orc wizard mumbles some strange words.
The orc wizard flickers and vanishes!
Unknown command.
You closely miss something. The adder closely misses you.
You block the orc's attack. Something hits you but does no damage.
You hear some strange, mumbled words.
A puff of frost appears from out of thin air!
The puff of frost hits you!
* * * LOW HITPOINT WARNING * * *
The adder bites you.
* * * LOW HITPOINT WARNING * * *
Okay, then.
You fade into invisibility!
You block the adder's attack. The orc hits you but does no damage.
You hear some strange, mumbled words.
A magic dart appears from out of thin air!
The magic dart hits you!
You die...

...## ....# ....# .
....# .# ...## ... ..##
...#
†#######+#######+##.....
.................o......
...........†....@{......
...............{.S......
†#######+#######+##.....
..## .#.. ...## ...
....# #. ....# ....#
...##


You could see an adder and an orc.

Vanquished Creatures
  A centaur (D:3)
  A bullfrog (D:4)
  A centaur skeleton (D:4)
  5 worker ants
  7 adders
  An ooze (D:4)
  4 worms
  2 dart slugs
  2 ball pythons (D:1)
  3 giant cockroaches
  7 goblins
  10 hobgoblins
  2 jackals (D:3)
  A quokka (D:1)
  14 bats
  5 frilled lizards
  10 kobolds
  5 rats
81 creatures vanquished.

Vanquished Creatures (others)
  5 plants (D:2)
5 creatures vanquished.

Grand Total: 86 creatures vanquished

Notes
Turn   | Place    | Note
-------+----------+-------------------------------------------
     0 | D:1      | robertstho the Halfling Fighter began the quest for the
                  | Orb.
     0 | D:1      | Reached XP level 1. HP: 15/15 MP: 1/1
    58 | D:1      | Reached XP level 2. HP: 6/20 MP: 2/2
   505 | D:1      | Reached XP level 3. HP: 26/26 MP: 3/3
  1274 | D:2      | Reached XP level 4. HP: 19/31 MP: 4/4
  1513 | D:2      | Reached skill level 1 in Dodging
  1574 | D:2      | Found an ancient bone altar of Kikubaaqudgha.
  1695 | D:2      | Found a sacrificial altar of Ru.
  1746 | D:1      | Reached XP level 5. HP: 24/36 MP: 5/5
  2031 | D:2      | Found a shimmering blue altar of Sif Muna.
  2299 | D:2      | Found a faded altar of an unknown god.
  2510 | D:3      | Noticed a centaur
  2521 | D:3      | Killed a centaur
  2522 | D:3      | Reached XP level 6. HP: 27/42 MP: 6/6
  3203 | D:4      | Found a staircase to the Ecumenical Temple.
  3674 | D:4      | Reached XP level 7. HP: 44/46 MP: 7/7
  3817 | D:4      | Killed from afar by an orc wizard

Illustrated notes

Levels and vault maps discovered:
D:1:      dpeg_arrival_rooms_b, layout_rooms, minmay_indecisive_spiral
D:2:      layout_rooms, old_standard_altar, marbit_many_paths, led_sif_pool,
          chequers_ecumenical_altar_lobes
D:3:      layout_loops_ring
D:4:      kennysheep_six_static_rooms, layout_cave_pools,
          minmay_temple_entry_waves, amethyst_killhole, kennysheep_diamond

Skill      XL: |  1  2  3  4  5  6 |
---------------+-------------------+-----
Fighting       | 3 |  3.6
Dodging        | 1 |  1.7
Long Blades    | 3 4 |  4.5
Armour         | 4 |  4.8
Shields        | 4 |  4.9
Stealth        | |  0.1

Action                   |  1- 3 |  4- 6 |  7- 9 || total
-------------------------+-------+-------+-------++-------
Melee: Long sword        |   125 |   173 |    43 ||   341
  Use: Potion            |       |     5 |     1 ||     6
Armor: Scale mail        |    58 |    42 |       ||   100
       Chain mail        |       |    37 |    22 ||    59
Dodge: Dodged            |    71 |    73 |    17 ||   161
Block: Kite shield       |    87 |   110 |    23 ||   220
       Rpst.: Long sword |    23 |    20 |     6 ||    49

Table legend: (Time is in decaauts)
 A = Elapsed time spent in this place.
 B = Non-inter-level travel time spent in this place.
 C = Inter-level travel time spent in this place.
 D = Time resting spent in this place.
 E = Time spent auto-exploring this place.
 F = Levels seen in this place.
 G = Mean time per level.
                   A        B        C        D        E       F      G
               +--------+--------+--------+--------+--------+-----+--------+
         Total |   3929 |   3850 |     79 |    535 |   2497 |   4 |  982.2 |
       Dungeon |   3929 |   3850 |     79 |    535 |   2497 |   4 |  982.2 |
               +--------+--------+--------+--------+--------+-----+--------+

Top non-repeatable levels by time:
     D:1: 1560 daAuts
     D:2: 986 daAuts
     D:3: 733 daAuts
     D:4: 649 daAuts
